Map: [ESL] Alcyone

Players

DisK

  • Race: Protoss Protoss
  • Spawn Location: 7:00

Astrea - Winner!

  • Race: Protoss Protoss
  • Spawn Location: 1:00

Event: ESL SC2 Masters 2023 Winter (Regional)

VOD

Have the link to the VOD?

Description

Time

  • Played on: Oct. 29, 2023, 1:55 p.m.
  • Length: 21:13

All games in this series

Show
View Real Time Build Order
Export as new Build Order

DisK Protoss 

Build Orders: Blink Stalkers 

Get SALT Encoding   

  12  0:00  Probe  
  13  0:12  Probe  
  14  0:17  Pylon  
  14  0:24  Probe (Chrono Boost)  
  15  0:35  Gateway  
  15  0:36  Probe (Chrono Boost)  
  16  0:45  Probe (Chrono Boost)  
  16  0:46  Assimilator  
  17  0:50  Probe  
  17  0:54  Assimilator  
  18  1:03  Probe (Chrono Boost)  
  19  1:10  Gateway  
  19  1:13  Probe (Chrono Boost)  
  19  1:18  Probe (Chrono Boost)  
  20  1:24  Cybernetics Core  
  21  1:29  Probe  
  22  1:36  Pylon  
  22  1:41  Probe  
  24  1:54  Probe  
  24  1:57  Warp Gate (Chrono Boost)  
  24  2:00  Stalker x2  
  28  2:09  Probe  
  28  2:13  Pylon  
  29  2:16  Shield Battery  
  29  2:32  Sentry  
  29  2:33  Sentry  
  33  2:43  Nexus  
  33  2:49  Shield Battery  
  33  3:01  Twilight Council  
  33  3:06  Probe  
  33  3:12  Shield Battery  
  33  3:16  Pylon  
  33  3:23  Probe  
  34  3:35  Shield Battery  
  34  3:41  Blink (Chrono Boost)  
  34  3:45  Stalker  
  36  3:51  Stalker  
  38  3:56  Shield Battery  
  38  4:00  Probe  
  40  4:17  Probe x2 (Chrono Boost)  
  41  4:26  Probe x2 (Chrono Boost)  
  41  4:27  Stalker x2  
  47  4:31  Probe x2 (Chrono Boost)  
  49  4:43  Probe x2  
  51  4:50  Stalker x2  
  54  5:04  Probe x2  
  54  5:10  Nexus  
  54  5:16  Robotics Facility  
  54  5:18  Probe  
  54  5:21  Probe  
  56  5:27  Pylon  
  54  5:31  Probe (Chrono Boost)  
  55  5:35  Probe (Chrono Boost)  
  55  5:42  Pylon  
  56  5:43  Probe (Chrono Boost)  
  56  5:44  Stalker  
  56  5:49  Probe (Chrono Boost)  
  59  5:50  Probe (Chrono Boost)  
  59  5:52  Stalker  
  59  5:56  Shield Battery  
  62  5:57  Probe x2  
  62  6:02  Forge  
  62  6:04  Observer (Chrono Boost)  
  65  6:07  Assimilator  
  65  6:09  Probe  
  66  6:22  Probe x2  
  66  6:24  Probe  
  73  6:25  Immortal  
  73  6:32  Protoss Ground Weapons Level 1 (Chrono Boost)  
  73  6:34  Probe x2  
  73  6:39  Shield Battery, Stalker x2  
  79  6:50  Probe  
  79  6:51  Probe, Pylon  
  79  6:52  Probe  
  82  6:56  Pylon  
  79  7:07  Stalker x2  
  83  7:10  Probe x3  
  80  7:31  Probe x2 (Chrono Boost)  
  80  7:32  Stalker x2  
  80  7:33  Probe (Chrono Boost)  
  85  7:40  Gateway  
  85  7:42  Observer, Gateway, Photon Cannon, Probe x2 (Chrono Boost)  
  85  7:43  Probe (Chrono Boost)  
  89  7:47  Probe x3 (Chrono Boost)  
  89  7:50  Pylon  
  92  7:58  Probe x2  
  94  8:00  Probe  
  94  8:01  Gateway  
  94  8:02  Photon Cannon  
  94  8:05  Gateway  
  95  8:12  Probe x2  
  97  8:14  Robotics Bay, Assimilator, Probe  
  97  8:16  Assimilator x2  
  97  8:19  Observer, Pylon  
  99  8:21  Protoss Ground Weapons Level 2 (Chrono Boost)  
  99  8:23  Stalker x2  
  99  8:25  Pylon  
  103  8:36  Pylon  
  103  8:37  Probe x3  
  103  8:40  Photon Cannon  
  106  8:45  Robotics Facility  
  106  8:53  Stalker x4  
  114  9:13  Disruptor (Chrono Boost), Stalker x2  
  114  9:16  Pylon  
  122  9:17  Observer, Pylon  
  122  9:23  Photon Cannon, Shield Battery  
  122  9:31  Disruptor (Chrono Boost)  
  122  9:33  Stalker x4  
  134  9:39  Disruptor (Chrono Boost)  
  138  9:49  Photon Cannon  
  138  9:58  Stalker x5  
  138  9:59  Stalker  
  150  10:02  Disruptor  
  140  10:28  Stalker x2  
  140  10:29  Stalker x4  
  116  10:45  Disruptor x2  
  114  10:51  Stalker  
  114  10:52  Stalker x3  
  114  10:53  Zealot x2  
  111  11:16  Nexus  
  109  11:21  Disruptor x2 (Chrono Boost)  
  111  11:25  Stalker x3  
  111  11:26  Stalker x2  
  111  11:28  Shield Battery  
  111  11:31  Probe x3  
  124  11:33  Pylon  
  124  11:43  Probe  
  124  11:44  Photon Cannon  
  125  11:49  Gateway, Adept x2  
  125  11:51  Gateway  
  125  11:52  Stalker x4  
  125  11:53  Disruptor (Chrono Boost)  
  137  11:58  Probe x3  
  143  12:03  Disruptor (Chrono Boost)  
  146  12:10  Observer  
  146  12:13  Nexus, Stalker x2  
  149  12:27  Stalker x2  
  149  12:28  Stalker x2  
  155  12:34  Probe x2  
  155  12:38  Disruptor  
  155  12:42  Shield Battery  
  159  12:49  Photon Cannon  
  159  12:53  Stalker x3  
  159  12:56  Pylon  
  165  13:08  Protoss Ground Weapons Level 3 (Chrono Boost)  
  165  13:11  Photon Cannon  
  165  13:13  Photon Cannon  
  160  13:27  Stalker x8  
  172  13:50  Photon Cannon  
  170  14:04  Stalker x5  
  170  14:09  Pylon x2  
  180  14:12  Assimilator  
  180  14:15  Assimilator  
  136  14:32  Stalker x4  
  136  14:33  Stalker x4  
  128  14:40  Disruptor x2  
  136  14:55  Stalker x2  
  136  14:56  Stalker x5  
  136  14:57  Stalker  
  150  15:03  Robotics Facility  
  150  15:12  Photon Cannon  
  150  15:18  Stalker  
  150  15:19  Stalker x5  
  131  15:42  Zealot x4  
  130  15:43  Zealot x2  
  130  15:47  Disruptor x2  
  140  16:10  Stalker x6  
  152  16:24  Disruptor x2 (Chrono Boost), Pylon  
  152  16:27  Disruptor (Chrono Boost)  
  164  16:37  Charge  
  164  16:43  Stalker x3  
  160  17:01  Zealot x3  
  161  17:08  Zealot x3  
  161  17:11  Disruptor x2  
  164  17:31  Photon Cannon  
  164  17:33  Zealot x4  
  156  18:04  Stalker x2  
  156  18:05  Disruptor x2, Stalker x4  
  172  18:29  Stalker x6  
  184  18:48  Zealot x4  
  166  19:02  Stalker x2  
  137  19:14  Stalker x4  
  123  19:40  Stalker x2  
  120  19:52  Observer (Chrono Boost)  
  120  20:11  Stalker x2  
Show
View Real Time Build Order
Export as new Build Order

Astrea Protoss - Winner!

Build Orders: Oracle Opening 

Get SALT Encoding   

  12  0:00  Probe  
  13  0:12  Probe  
  14  0:17  Pylon  
  14  0:24  Probe (Chrono Boost)  
  15  0:36  Probe (Chrono Boost)  
  15  0:37  Gateway  
  16  0:43  Probe (Chrono Boost)  
  16  0:45  Assimilator  
  17  0:51  Probe  
  17  0:53  Assimilator  
  18  1:03  Probe (Chrono Boost)  
  19  1:06  Gateway  
  19  1:13  Probe (Chrono Boost)  
  19  1:18  Probe (Chrono Boost)  
  20  1:24  Cybernetics Core  
  21  1:29  Probe  
  21  1:32  Pylon  
  22  1:41  Probe  
  23  1:53  Probe  
  24  2:00  Warp Gate, Stalker x2  
  28  2:05  Probe  
  29  2:12  Pylon  
  29  2:21  Stargate  
  29  2:32  Adept x2  
  32  2:58  Nexus  
  32  3:03  Oracle (Chrono Boost)  
  32  3:10  Probe  
  36  3:17  Pylon  
  36  3:24  Probe  
  37  3:29  Shield Battery  
  37  3:32  Oracle (Chrono Boost)  
  37  3:38  Probe  
  41  3:51  Probe  
  41  3:54  Twilight Council  
  40  4:03  Probe  
  41  4:15  Probe  
  41  4:16  Probe (Chrono Boost)  
  43  4:19  Gateway  
  43  4:28  Probe (Chrono Boost)  
  43  4:31  Dark Shrine  
  45  4:33  Probe (Chrono Boost)  
  45  4:34  Stalker  
  45  4:37  Probe (Chrono Boost)  
  48  4:40  Probe (Chrono Boost)  
  48  4:43  Blink (Chrono Boost), Probe  
  50  4:51  Probe  
  51  4:54  Pylon  
  51  4:55  Probe  
  52  5:03  Probe  
  52  5:06  Pylon  
  53  5:10  Assimilator  
  53  5:11  Probe  
  53  5:13  Stalker x2  
  58  5:16  Probe  
  59  5:23  Probe  
  59  5:28  Probe  
  61  5:35  Probe  
  61  5:36  Nexus  
  61  5:40  Probe  
  63  5:42  Dark Templar  
  63  5:45  Stalker  
  67  5:51  Pylon  
  67  5:52  Gateway  
  67  5:58  Stalker  
  67  5:59  Probe  
  67  6:00  Probe  
  71  6:06  Pylon  
  71  6:11  Probe  
  72  6:12  Probe  
  73  6:23  Probe  
  73  6:24  Dark Templar, Probe  
  73  6:25  Stalker x2  
  79  6:28  Pylon  
  79  6:35  Probe  
  79  6:38  Forge, Probe  
  81  6:47  Probe  
  81  6:48  Stalker x3  
  81  6:50  Probe x2  
  90  6:59  Probe  
  91  7:03  Probe  
  91  7:06  Probe  
  91  7:07  Stalker  
  92  7:11  Probe  
  91  7:15  Probe  
  91  7:17  Stalker x3  
  91  7:18  Probe  
  97  7:23  Assimilator  
  97  7:25  Protoss Ground Weapons Level 1 (Chrono Boost)  
  97  7:33  Probe  
  97  7:35  Pylon  
  98  7:37  Nexus  
  98  7:38  Charge  
  98  7:41  Gateway  
  98  7:42  Gateway  
  98  7:43  Pylon  
  98  7:45  Gateway  
  98  7:46  Gateway  
  98  7:48  Dark Templar  
  100  7:53  Probe x3  
  103  7:58  Stalker  
  103  7:59  Sentry, Zealot  
  103  8:05  Robotics Facility  
  109  8:06  Gateway  
  109  8:10  Probe  
  109  8:11  Gateway, Probe x2  
  112  8:20  Zealot x2  
  112  8:21  Zealot  
  112  8:23  Zealot  
  112  8:26  Shield Battery  
  120  8:27  Shield Battery  
  120  8:31  Probe x3  
  123  8:36  Pylon x2  
  123  8:44  Stalker x2  
  123  8:45  Stalker  
  129  8:50  Photon Cannon  
  129  8:51  Zealot x2  
  129  8:55  Zealot  
  135  8:56  Zealot  
  137  9:05  Zealot x2  
  137  9:08  Protoss Ground Weapons Level 2 (Chrono Boost), Zealot x4  
  147  9:14  Warp Prism (Chrono Boost)  
  149  9:22  Zealot x2  
  149  9:23  Zealot x2  
  157  9:27  Pylon  
  157  9:31  Pylon  
  157  9:34  Zealot x3  
  157  9:37  Pylon  
  163  9:41  Photon Cannon  
  163  9:42  Pylon  
  163  9:43  Observer (Chrono Boost)  
  164  9:48  Zealot x2  
  164  9:49  Zealot x2  
  164  9:50  Zealot  
  174  9:55  Shadow Stride  
  174  9:57  Observer (Chrono Boost)  
  175  10:02  Stalker x5  
  182  10:11  Zealot x5  
  148  10:30  Zealot x5  
  148  10:31  Zealot x5  
  102  10:51  Stalker x5  
  102  10:53  Zealot x4  
  110  11:02  Probe x3  
  111  11:10  Stalker  
  106  11:16  Stalker x6  
  103  11:25  Observer  
  103  11:28  Nexus  
  103  11:29  Protoss Ground Weapons Level 3 (Chrono Boost)  
  103  11:35  Photon Cannon  
  104  11:40  Probe x4  
  104  11:46  Dark Templar x3  
  113  11:48  Dark Templar  
  113  11:52  Probe x4  
  119  11:54  Stalker  
  119  11:56  Stalker  
  121  12:21  Stalker x6  
  130  12:27  Stalker x2  
  131  12:35  Probe x4  
  131  12:36  Pylon  
  135  12:39  Unknown, Warp Prism (Chrono Boost)  
  137  12:45  Zealot x3  
  137  12:46  Zealot x4  
  137  12:47  Probe x4  
  137  12:51  Probe  
  156  12:59  Probe x4  
  160  13:08  Zealot x4  
  160  13:09  Zealot x6  
  180  13:15  Observer, Forge  
  181  13:33  Gateway, Pylon  
  171  13:34  Gateway  
  171  13:40  Stalker  
  171  13:41  Stalker x9  
  184  13:50  Protoss Shields Level 1 (Chrono Boost)  
  184  13:53  Protoss Ground Armor Level 1 (Chrono Boost)  
  178  14:04  Photon Cannon  
  178  14:06  Photon Cannon, Shield Battery  
  176  14:10  Dark Templar  
  176  14:11  Dark Templar x3, Zealot x6  
  196  14:19  Gateway  
  196  14:20  Gateway  
  152  14:34  Stalker x4  
  152  14:35  Stalker x4  
  154  14:45  Dark Templar  
  154  14:46  Dark Templar  
  154  14:52  Zealot x2  
  158  14:54  Nexus  
  158  15:08  Photon Cannon  
  154  15:19  Dark Templar x4, Zealot x3  
  154  15:20  Zealot x7  
  142  15:46  Dark Templar x2  
  142  15:48  Pylon  
  144  15:50  Stalker x3  
  144  15:51  Zealot x9  
  156  16:07  Probe x2  
  154  16:16  Nexus  
  154  16:19  Zealot x10  
  154  16:20  Zealot x4, Protoss Shields Level 2 (Chrono Boost), Protoss Ground Armor Level 2 (Chrono Boost)  
  154  16:23  Observer, Assimilator  
  182  16:38  Pylon  
  182  16:40  Photon Cannon  
  182  16:51  Zealot x9  
  174  17:08  Stalker x5  
  168  17:16  Zealot  
  168  17:17  Zealot x8  
  182  17:26  Observer  
  175  17:33  Unknown, Photon Cannon  
  175  17:34  Shield Battery  
  147  17:52  Stalker x7  
  147  17:53  Stalker x7  
  173  17:59  Observer  
  168  18:23  Dark Templar x3  
  168  18:24  Zealot x11  
  168  18:26  Nexus  
  196  18:27  Assimilator  
  196  18:28  Assimilator, Photon Cannon  
  196  18:33  Pylon  
  175  19:02  Stalker x14  
  175  19:04  Warp Prism (Chrono Boost)  
  159  19:29  Zealot x14  
  177  19:32  Immortal (Chrono Boost)  
  167  19:55  Zealot x14  
  187  20:14  Stalker x6  
  199  20:22  Gateway  
  199  20:24  Dark Shrine, Gateway  
  199  20:25  Gateway x2  
  191  20:58  Probe  
  191  21:00  Shield Battery x2  
  191  21:02  Shield Battery x2  
  192  21:06  Photon Cannon  
Tags
 
Add a new tag
Caveats
  • Supply blocks, unpowered buildings, or Contaminate may cause inaccurate times.
  • Supply counts are checked every 10 seconds.